 Dungeon Crawl Stone Soup version 0.26-a0-651-gb41185065b (webtiles) character file.

Game seed: 6903039131700173254

5131 lorenzova the Thaumaturge (level 10, -3/50 HPs)
             Began as a Deep Elf Conjurer on Oct 9, 2020.
             Was an Initiate of Vehumet.
             Slain by Harold
             ... wielding a +0 scimitar of protection
              (13 damage)
             ... on level 10 of the Dungeon.
             The game lasted 00:18:56 (13362 turns).

lorenzova the Thaumaturge (Deep Elf Conjurer)      Turns: 13362, Time: 00:18:56

Health: -3/50      AC:  7    Str: 10    XL:     10   Next: 33%
Magic:  18/29      EV: 12    Int: 27    God:    Vehumet [......]
Gold:   577        SH:  0    Dex: 13    Spells: 24/35 levels left

rFire    . . .     SeeInvis .   m - +2 dagger (elec)
rCold    . . .     Faith    .   (no shield)
rNeg     . . .     Spirit   .   y - +0 leather armour {rPois}
rPois    +         Reflect  .   (helmet restricted)
rElec    .         Harm     .   H - +0 cloak {Stlth+}
rCorr    .         Rampage  .   I - +2 pair of gloves
MR       +....                  (no boots)
Stlth    ++........             (no amulet)
HPRegen  0.16/turn              B - +6 ring of strength
MPRegen  0.21/turn              (no ring)

@: no status effects
A: hooves 1, horns 1, evolution 1
a: Renounce Religion


You were on level 10 of the Dungeon.
You worshipped Vehumet.
Vehumet was noncommittal.
You visited 2 branches of the dungeon, and saw 11 of its levels.

You collected 577 gold pieces.

Inventory:

Hand Weapons
 m - a +2 dagger of electrocution (weapon)
Armour
 a - a +0 robe
 d - a +4 ring mail
 r - a +0 cloak
 y - a +0 leather armour of poison resistance (worn)
 H - a +0 cloak of stealth (worn)
 I - a +2 pair of gloves (worn)
 J - a +0 robe of magic resistance
Jewellery
 B - a +6 ring of strength (left hand)
Wands
 k - a wand of random effects (14)
 w - a wand of flame (19)
 z - a wand of polymorph (7)
 C - a wand of iceblast (7)
 D - a wand of paralysis (11)
Scrolls
 c - 3 scrolls of noise
 g - 4 scrolls of amnesia
 h - 2 scrolls of fog
 i - a scroll of magic mapping
 o - 7 scrolls of teleportation
 p - 5 scrolls of remove curse
 q - 2 scrolls of immolation
 u - 2 scrolls of fear
 A - 2 scrolls of enchant armour
Potions
 b - 5 potions of mutation
 e - 5 potions of curing
 f - 4 potions of might
 j - 3 potions of haste
 l - 4 potions of heal wounds
 n - 5 potions of cancellation {unknown}
 s - 10 potions of degeneration
 t - a potion of magic {unknown}
 v - a potion of brilliance {unknown}
 x - a potion of stabbing {unknown}
 F - a potion of invisibility {unknown}
 G - a potion of flight {unknown}
 K - a potion of experience {unknown}


   Skills:
 - Level 2.4 Dodging
 - Level 2.4 Stealth
 * Level 13.1 Spellcasting
 * Level 11.7 Conjurations
 + Level 4.8 Hexes
 + Level 3.8 Translocations


You had 24 spell levels left.
You knew the following spells:

 Your Spells              Type           Power        Failure   Level
a - Magic Dart            Conj           ####         1%          1
b - Searing Ray           Conj           ######       1%          2
c - Iskenderun's Mystic   Conj/Tloc      ######..     1%          4
d - Fulminant Prism       Conj/Hex       ######....   1%          4

Your spell library contained the following spells:

 Spells                   Type           Power        Failure   Level
 Dazzling Flash           Conj/Hex       ######       1%          3


Dungeon Overview and Level Annotations

Branches:
Dungeon (10/15)            Temple (1/1) D:6            Lair (0/6) D:10
    Orc (0/2) D:9

Altars:
Ashenzari
Cheibriados
Dithmenos
Elyvilon
Fedhas
Gozag
Hepliaklqana
Kikubaaqudgha
Makhleb
Nemelex Xobeh
Okawaru
Qazlal
Ru
Sif Muna
Trog
Uskayaw
Vehumet
Wu Jian
Xom
Yredelemnul
Zin
The Shining One

Shops:
D:9 *

Annotations:
D:9 exclusion: 2 downstairs
D:10 Harold


Innate Abilities, Weirdness & Mutations

You have large cloven feet.
You have a pair of small horns on your head.
You evolve.


Message History

You are yanked forward by the harpoon shot.
Harold closely misses you.
Casting: Searing Ray (safe; 1% risk of failure)
Confirm with . or Enter, or press ? or * to list all spells.
Aiming: Searing Ray (safe; 1% risk of failure)
Press: ? - help, Shift-Dir - straight line, f/p - Harold
Aim: Harold, wielding a +0 scimitar of protection, wearing a +0 ring mail and quivering 2 throwing nets (lightly wounded)
The searing ray hits Harold.
Harold is lightly wounded. (Press . to maintain the ray.) Harold says, "This is so exciting!
What a great way to end my career!"
Harold hits you with a +0 scimitar of protection!
The searing ray hits Harold!
Harold is moderately wounded.
Harold hits you with a +0 scimitar of protection!
* * * LOW HITPOINT WARNING * * *
The searing ray hits Harold but does no damage.
Harold is moderately wounded.
Harold hits you with a +0 scimitar of protection!
You die...

# . #
###.######
.
.......@.#
####.#.#@#
#.#<#
#.### #.
##


You could see Harold.

Vanquished Creatures
  Psyche (D:9)
  Grinder (D:5)
  2 hippogriffs (D:7)
  Grum (D:9)
  Menkaure (D:7)
  Duvessa (D:5)
  3 orc warriors
  A swamp drake (D:9)
  2 phantoms
  2 sky beasts (D:9)
  2 ogres
  5 centaurs
  2 wolves (D:9)
  2 big kobolds (D:7)
  6 bullfrogs
  Dowan (D:5)
  3 scorpions
  5 wights (D:7)
  2 bullfrog zombies
  3 hounds
  A jelly (D:7)
  12 orc wizards
  Crazy Yiuf (D:2)
  2 bullfrog skeletons
  7 orc priests
  2 centaur skeletons
  An iguana (D:5)
  5 worker ants
  A hound zombie (D:4)
  Robin (D:2)
  A worker ant zombie (D:9)
  8 adders
  12 gnolls
  2 shadow imps
  2 white imps (D:5)
  2 oozes (D:1)
  An adder skeleton (D:4)
  7 worms
  2 dart slugs
  6 leopard geckos
  36 orcs
  2 ball pythons
  5 giant cockroaches
  15 goblins
  12 hobgoblins
  18 jackals
  5 quokkas
  9 bats
  5 frilled lizards
  A jackal zombie (D:4)
  21 kobolds
  A leopard gecko skeleton (D:8)
  2 leopard gecko zombies (D:4)
  A quokka zombie (D:4)
  7 rats
262 creatures vanquished.

Vanquished Creatures (others)
  7 fulminant prisms (D:9)
  A fungus (D:2)
8 creatures vanquished.

Grand Total: 270 creatures vanquished

Notes
Turn   | Place    | Note
-------+----------+-------------------------------------------
     0 | D:1      | lorenzova the Deep Elf Conjurer began the quest for the
                  | Orb.
     0 | D:1      | Reached XP level 1. HP: 10/10 MP: 6/6
   214 | D:1      | Reached XP level 2. HP: 15/15 MP: 5/8
   854 | D:1      | Reached skill level 4 in Spellcasting
   995 | D:1      | Reached skill level 5 in Conjurations
   995 | D:1      | Reached XP level 3. HP: 19/19 MP: 5/10
  1509 | D:2      | Learned a level 2 spell: Searing Ray
  1807 | D:2      | Reached XP level 4. HP: 24/24 MP: 10/12
  2274 | D:2      | Reached skill level 5 in Spellcasting
  2303 | D:2      | Noticed Robin
  2309 | D:2      | Killed Robin
  2794 | D:2      | Found a runed translucent door.
  2795 | D:2      | Noticed Crazy Yiuf
  2892 | D:2      | Killed Crazy Yiuf
  2892 | D:2      | Reached XP level 5. HP: 25/28 MP: 9/14
  3079 | D:3      | Noticed an ogre
  3085 | D:3      | Killed an ogre
  3085 | D:3      | Reached skill level 6 in Spellcasting
  3205 | D:3      | Reached XP level 6. HP: 20/32 MP: 5/17
  3413 | D:3      | You fall into a shaft and drop 3 floors!
  3448 | D:5      | Entered Level 5 of the Dungeon
  3621 | D:6      | Noticed an orc warrior
  3634 | D:6      | Killed an orc warrior
  3634 | D:6      | Reached skill level 7 in Spellcasting
  3900 | D:5      | HP: 1/32 [ogre/+0 giant spiked club (31)]
  3901 | D:5      | Reached XP level 7. HP: 1/36 MP: 5/20
  4222 | D:5      | Noticed Duvessa
  4234 | D:5      | Noticed Dowan
  4236 | D:5      | Killed Duvessa
  4236 | D:5      | Reached skill level 8 in Spellcasting
  4239 | D:5      | Killed Dowan
  4624 | D:5      | Reached skill level 9 in Spellcasting
  4624 | D:5      | Reached XP level 8. HP: 27/41 MP: 12/23
  5233 | D:4      | Found a shadowy altar of Dithmenos.
  5765 | D:3      | You fall into a shaft and drop 3 floors!
  5817 | D:6      | Found a sacrificial altar of Ru.
  5977 | D:5      | Noticed Grinder
  6393 | D:3      | Reached skill level 10 in Spellcasting
  7311 | D:5      | Paralysed by Grinder for 2 turns
  7314 | D:5      | Killed Grinder
  7368 | D:5      | Found an opulent altar of Gozag.
  7668 | D:5      | Reached skill level 10 in Conjurations
  7825 | D:6      | Found a staircase to the Ecumenical Temple.
  7899 | Temple   | Entered the Ecumenical Temple
  8336 | D:6      | Gained mutation: You are clumsy. (Dex -2) [potion of
                  | mutation]
  8336 | D:6      | Gained mutation: You evolve. [potion of mutation]
  8336 | D:6      | Gained mutation: You have a pair of small horns on your
                  | head. [potion of mutation]
  8359 | D:7      | Noticed a hippogriff
  8365 | D:7      | Noticed a hippogriff
  8367 | D:7      | Killed a hippogriff
  8367 | D:7      | Reached skill level 11 in Spellcasting
  8367 | D:7      | Reached XP level 9. HP: 7/45 MP: 14/26
  8635 | D:6      | Learned a level 4 spell: Iskenderun's Mystic Blast
  8640 | D:6      | Learned a level 4 spell: Fulminant Prism
  8986 | D:7      | Reached skill level 1 in Hexes
  9117 | D:7      | Reached skill level 1 in Translocations
  9440 | D:7      | Noticed Menkaure
  9443 | D:7      | Killed Menkaure
  9782 | D:7      | Reached skill level 12 in Spellcasting
 10648 | D:8      | Lost mutation: You are clumsy. (Dex -2) [evolution]
 10758 | D:8      | Found a glowing golden altar of the Shining One.
 11780 | D:9      | Reached XP level 10. HP: 50/50 MP: 25/28
 11785 | D:9      | Noticed Grum
 11793 | D:9      | Killed Grum
 11972 | D:9      | Noticed Psyche
 11978 | D:9      | Killed Psyche
 12371 | D:9      | Found Aroz's Demolitions Depot.
 12590 | D:9      | Reached skill level 13 in Spellcasting
 12692 | D:9      | Found a staircase to the Orcish Mines.
 12944 | D:9      | Found a broken altar of Ashenzari.
 12945 | D:9      | Found a bloodstained altar of Trog.
 12948 | D:9      | Found a shimmering blue altar of Sif Muna.
 12949 | D:9      | Found a glowing golden altar of the Shining One.
 12950 | D:9      | Found a basalt altar of Yredelemnul.
 12950 | D:9      | Found a white marble altar of Elyvilon.
 12950 | D:9      | Found a blossoming altar of Fedhas.
 12951 | D:9      | Found a glowing silver altar of Zin.
 12952 | D:9      | Found an ancient bone altar of Kikubaaqudgha.
 12953 | D:9      | Found a radiant altar of Vehumet.
 12954 | D:9      | Found a snail-covered altar of Cheibriados.
 12955 | D:9      | Found a shimmering altar of Xom.
 12958 | D:9      | Became a worshipper of Vehumet
 13085 | D:9      | Gained mutation: You have large cloven feet. [evolution]
 13250 | D:10     | Entered Level 10 of the Dungeon
 13251 | D:10     | Noticed Harold
 13296 | D:10     | Found a staircase to the Lair.
 13296 | D:10     | Noticed a death yak
 13362 | D:10     | Slain by Harold

Illustrated notes

Levels and vault maps discovered:
D:1:      scummos_arrival_simple_fountains, layout_loops_corners,
          minmay_tetromino_l4
D:2:      layout_basic, uniq_robin, uniq_crazy_yiuf_cottage
D:3:      layout_loops_ring
D:4:      layout_loops_corners, serial_undead, serial_undead_e, serial_undead_d,
          serial_undead_a, serial_undead_a, chequers_mini_garden,
          grunt_dithmenos_shadows
D:5:      layout_basic, basic_altar, uniq_duvessa, uniq_grinder
D:6:      layout_loops_ring, minmay_temple_entry_nine_rooms,
          hangedman_ru_absence
D:7:      layout_layer_cave, uniq_menkaure
D:8:      layout_loops_ring, basic_altar
D:9:      layout_loops_ring, minitemple, erik_orc_1, nicolae_blasting_shop,
          kennysheep_cross_bottleneck, kennysheep_doodads, uniq_grum,
          uniq_psyche
D:10:     minmay_curly_fans, layout_basic, dpeg_lair_monsters, uniq_harold
Temple:   cyrus_temple_forest

Skill      XL: |  1  2  3  4  5  6  7  8  9 10 |
---------------+-------------------------------+-----
Spellcasting   | 4 5 6 7 9 11 12 13 | 13.1
Conjurations   | 5 6 7 8 10 11 | 11.7
Hexes          | 3 4 |  4.8
Translocations | 3 |  3.8
Dodging        | |  2.4
Stealth        | |  2.4

Action                   |  1- 3 |  4- 6 |  7- 9 | 10-12 || total
-------------------------+-------+-------+-------+-------++-------
Melee: Unarmed           |     3 |       |       |       ||     3
       Dagger            |       |       |     1 |       ||     1
 Cast: Magic Dart        |    75 |    82 |   200 |    42 ||   399
       Searing Ray       |       |    14 |    62 |    15 ||    91
       Fulminant Prism   |       |       |     3 |     5 ||     8
       Iskenderun's Myst |       |       |       |     2 ||     2
  Use: Scroll            |       |       |     7 |     7 ||    14
       Potion            |       |       |     1 |       ||     1
 Stab: Sleeping          |       |       |     1 |       ||     1
Armor: Robe              |     1 |     2 |     2 |       ||     5
       Leather armour    |       |       |    14 |     4 ||    18
Dodge: Dodged            |     4 |     7 |    35 |     5 ||    51

Table legend: (Time is in decaauts)
 A = Elapsed time spent in this place.
 B = Non-inter-level travel time spent in this place.
 C = Inter-level travel time spent in this place.
 D = Time resting spent in this place.
 E = Time spent auto-exploring this place.
 F = Levels seen in this place.
 G = Mean time per level.
                   A        B        C        D        E       F      G
               +--------+--------+--------+--------+--------+-----+--------+
         Total |  13369 |  12779 |    590 |   4778 |   6738 |  11 | 1215.4 |
       Dungeon |  13276 |  12727 |    549 |   4778 |   6686 |  10 | 1327.6 |
        Temple |     92 |     52 |     40 |      0 |     52 |   1 |   92.0 |
               +--------+--------+--------+--------+--------+-----+--------+

Top non-repeatable levels by time:
     D:9: 2120 daAuts
     D:7: 1828 daAuts
     D:2: 1584 daAuts
     D:5: 1480 daAuts
     D:6: 1404 daAuts
     D:4: 1382 daAuts
     D:1: 1380 daAuts
     D:3: 1326 daAuts
     D:8: 750 daAuts
  Temple: 92 daAuts
    D:10: 19 daAuts
